 Dungeon Crawl Stone Soup version 0.25-a0-190-g27fffb8 (webtiles) character file.

Game seed: 12429306914267951656, levelgen mode: deterministic

469 Atlas the Cudgeler (level 6, -1/49 HPs)
             Began as a Demonspawn Monk on Nov 29, 2019.
             Slain by a hound (3 damage)
             ... on level 4 of the Dungeon.
             The game lasted 00:05:26 (4043 turns).

Atlas the Cudgeler (Demonspawn Monk)                Turns: 4043, Time: 00:05:27

Health: -1/49      AC:  6    Str: 13    XL:     6   Next: 82%
Magic:  6/6        EV: 10    Int: 12    God:
Gold:   225        SH:  0    Dex: 15    Spells: 5/5 levels left

rFire    . . .     SeeInvis .   l - +0 flail (protect)
rCold    . . .     Gourm    .   (no shield)
rNeg     . . .     Faith    .   g - +0 scale mail
rPois    .         Spirit   .   (helmet restricted)
rElec    .         Reflect  .   (no cloak)
rCorr    .         Harm     .   (no gloves)
MR       .....                  (no boots)
Stlth    ++........             (no amulet)
HPRegen  0.16/turn              (no ring)
MPRegen  0.10/turn              (no ring)

@: no status effects
A: horns 2, nightstalker 1
a: no special abilities


You were on level 4 of the Dungeon.
You were not hungry.

You visited 1 branch of the dungeon, and saw 4 of its levels.

You collected 225 gold pieces.

Inventory:

Hand Weapons
 h - a +2 mace of draining
 l - a +0 flail of protection (weapon)
Armour
 g - a +0 scale mail (worn)
Scrolls
 b - 2 scrolls of blinking {unknown}
 i - a scroll of teleportation {unknown}
 k - 2 scrolls of identify {unknown}
Potions
 a - a potion of ambrosia {unknown}
 e - a potion of curing
 f - 2 potions of degeneration {unknown}
Comestibles
 c - 5 rations
 d - 4 chunks of flesh


   Skills:
 + Level 4.4 Fighting
 + Level 4.7 Maces & Flails
 + Level 1.9 Armour
 + Level 3.6 Dodging
 + Level 3.2 Stealth


You had 5 spell levels left.
You didn't know any spells.
Your spell library was empty.

Dungeon Overview and Level Annotations

Branches:
Dungeon (4/15)
 Temple: D:4-7

Altars:

Annotations:
D:3 3 runed translucent doors, wampuh's ghost, amateur GnFi


Innate Abilities, Weirdness & Mutations

You have a pair of horns on your head.
You are slightly more attuned to the shadows.


Message History

The hound bites you.
* * * LOW HITPOINT WARNING * * *
The hound completely misses you.
The phantom blinks!
You closely miss the hound.
The hound is heavily wounded.
The hound bites you but does no damage. The hound misses you.
The hound bites you but does no damage.
Some of the chunks of flesh in your inventory have rotted away.
The hound bites you but does no damage. The hound closely misses you.
The hound barely misses you. The hound bites you but does no damage.
The hound bites you but does no damage. The hound bites you.
* * * LOW HITPOINT WARNING * * *
The hound bites you.
* * * LOW HITPOINT WARNING * * *
There is a stone staircase leading up here.
The hound bites you.
You die...

#.#.# #......# ###.#.#
.........
#...#.##...#######
#...#......# #...#.###..#
### .. #...#......# ....
.### #..........##....
.#.. .....#.####h........
.#.####### #.#..@.........
.#...# ##.#.##..)......
.#.#.# ..#.#......./....
.(.#.###...#.######.##....
.#.#.......#........# ...
.#..)#####.#######..#
.#.#.......#........#
.#.#..)....#.#####.##
.#.#.#####.#.# #.#


You could see a hound.

Vanquished Creatures
  2 ogres (D:4)
  An orc priest (D:4)
  2 orc wizards
  An iguana (D:4)
  Natasha (D:2)
  Terence (D:2)
  5 adders
  An ooze (D:1)
  A dart slug (D:1)
  4 leopard geckos
  9 orcs
  11 bats
  2 giant cockroaches
  7 goblins
  A hobgoblin (D:2)
  9 jackals
  3 quokkas
  A ball python (D:2)
  6 frilled lizards
  7 kobolds
  14 rats
89 creatures vanquished.

Notes
Turn   | Place    | Note
-------+----------+-------------------------------------------
     0 | D:1      | Atlas the Demonspawn Monk began the quest for the Orb.
     0 | D:1      | Reached XP level 1. HP: 18/18 MP: 1/1
   235 | D:1      | Gained mutation: You have a pair of small horns on your
                  | head. [demonic ancestry]
   235 | D:1      | Reached XP level 2. HP: 24/24 MP: 2/2
   617 | D:1      | Reached XP level 3. HP: 29/29 MP: 3/3
  1596 | D:2      | Gained mutation: You have a pair of horns on your head.
                  | [demonic ancestry]
  1596 | D:2      | Reached XP level 4. HP: 29/37 MP: 4/4
  1722 | D:2      | Noticed Terence
  1735 | D:2      | Killed Terence
  2118 | D:2      | Noticed Natasha
  2137 | D:2      | Killed Natasha
  2137 | D:2      | Reached XP level 5. HP: 19/42 MP: 5/5
  3017 | D:3      | Found a runed translucent gate.
  3017 | D:3      | Found a runed translucent gate.
  3017 | D:3      | Found a runed translucent gate.
  3017 | D:3      | Noticed wampuh's ghost (amateur GnFi)
  3372 | D:4      | Reached skill level 1 in Armour
  3592 | D:4      | Noticed an ogre
  3598 | D:4      | Killed an ogre
  3598 | D:4      | Gained mutation: You are slightly more attuned to the
                  | shadows. [demonic ancestry]
  3598 | D:4      | Reached XP level 6. HP: 30/48 MP: 6/6
  4042 | D:4      | HP: 2/49 [hound (5)]
  4043 | D:4      | Slain by a hound

Levels and vault maps discovered:
D:1:      minmay_arrival_open_corners, layout_basic, roderic_serpentine_path,
          grunt_decor_mini_mirrors
D:2:      layout_basic, uniq_terence, uniq_natasha
D:3:      layout_basic, first_ration, ebering_ghost_rock_garden
D:4:      layout_basic

Skill      XL: |  1  2  3  4  5 |
---------------+----------------+-----
Maces & Flails | 3 4 |  4.7
Stealth        | 2 3 |  3.2
Dodging        | 3 |  3.6
Fighting       | 4 |  4.4
Armour         | 1 |  1.9

Action                   |  1- 3 |  4- 6 || total
-------------------------+-------+-------++-------
Melee: Mace              |   106 |   104 ||   210
       Headbutt          |    13 |    25 ||    38
       Flail             |       |    78 ||    78
  Use: Potion            |       |     3 ||     3
       Scroll            |       |     1 ||     1
 Stab: Sleeping          |     9 |     8 ||    17
       Distracted        |       |     1 ||     1
  Eat: Chunk             |     2 |     8 ||    10
Armor: Robe              |    32 |       ||    32
       Scale mail        |       |    59 ||    59
       Leather armour    |       |    22 ||    22
Dodge: Dodged            |   124 |   158 ||   282

Table legend:
 A = Non-vault XP
 B = Vault XP
 C = Vault XP percentage of total XP
 D = Non-vault monster count
 E = Vault monster count
 F = Vault count percentage of total count
                 A         B        C        D         E       F
            +---------+---------+-------+---------+---------+-------
      Total |     603 |      67 |  10.0 |      87 |       2 |   2.2
            +---------+---------+-------+---------+---------+-------
        D:1 |      49 |       0 |   0.0 |      26 |       0 |   0.0
        D:2 |      83 |      67 |  44.7 |      22 |       2 |   8.3
        D:3 |      77 |       0 |   0.0 |      22 |       0 |   0.0
        D:4 |     394 |       0 |   0.0 |      17 |       0 |   0.0
            +---------+---------+-------+---------+---------+-------
